 Dungeon Crawl Stone Soup version 0.26-a0-610-g3e9335b (webtiles) character file.

Game seed: 936004944373210093

9888 MrTaco21 the Blocker (level 11, -31/60 HPs)
             Began as a Gargoyle Fighter on Sept 4, 2020.
             Was a High Priest of Okawaru.
             Hit by a large rock thrown by a cyclops (37 damage)
             ... on level 11 of the Dungeon.
             The game lasted 00:23:48 (10233 turns).

MrTaco21 the Blocker (Gargoyle Fighter)            Turns: 10233, Time: 00:23:50

Health: -31/60     AC: 21    Str: 30    XL:     11   Next: 53%
Magic:  11/11      EV:  7    Int:  9    God:    Okawaru [*****.]
Gold:   589        SH: 19    Dex: 10    Spells: 10/10 levels left

rFire    . . .     SeeInvis .   B - +7 whip "Perept" {pain, MR+ Str+7 Dex-5}
rCold    . . .     Faith    .   c - +0 kite shield
rNeg     + . .     Spirit   .   y - +0 plate armour
rPois    ∞         Reflect  +   E - +2 hat
rElec    +         Harm     +   h - scarf {harm}
rCorr    .                      (no gloves)
MR       +....                  (no boots)
Stlth    ..........             e - amulet of reflection
HPRegen  0.20/turn              C - +6 ring of dexterity
MPRegen  0.12/turn              J - +4 ring of slaying

@: no status effects
A: negative energy resistance 1, electricity resistance, unbreathing,
petrification resistance, rot immunity, AC +8
a: Heroism, Finesse, Renounce Religion


You were on level 11 of the Dungeon.
You worshipped Okawaru.
Okawaru was extremely pleased with you.
You visited 2 branches of the dungeon, and saw 12 of its levels.

You collected 988 gold pieces.
You spent 399 gold pieces at shops.

Inventory:

Hand Weapons
 B - the +7 whip "Perept" (weapon) {pain, MR+ Str+7 Dex-5}
   (You bought it in a shop on level 5 of the Dungeon)

   In the hands of one skilled in necromantic magic, it inflicts extra damage on
   living creatures.
   It affects your strength (+7).
   It affects your dexterity (-5).
   It affects your resistance to hostile enchantments.
Missiles
 s - 42 poisoned darts (quivered)
 K - a throwing net {!f}
Armour
 c - a +0 kite shield (worn)
 h - a scarf of harm (worn)
   (You found it on level 1 of the Dungeon)
 y - a +0 plate armour (worn)
   (You found it on level 4 of the Dungeon)
 E - a +2 hat (worn)
   (You found it on level 6 of the Dungeon)
Jewellery
 e - an amulet of reflection (around neck)
   (You found it on level 1 of the Dungeon)
 C - a +6 ring of dexterity (left hand)
   (You found it on level 5 of the Dungeon)
 J - a +4 ring of slaying (right hand)
   (You found it on level 8 of the Dungeon)
Wands
 d - a wand of iceblast (7)
   (You found it on level 3 of the Dungeon)
 t - a wand of flame (19)
   (You found it on level 4 of the Dungeon)
 u - a wand of paralysis (12)
   (You found it on level 10 of the Dungeon)
 G - a wand of polymorph (12)
   (You found it on level 7 of the Dungeon)
Scrolls
 f - 9 scrolls of remove curse {@r2}
 g - 7 scrolls of amnesia
 i - 3 scrolls of fog
 k - 4 scrolls of enchant weapon {unknown}
 m - 2 scrolls of noise {unknown}
 n - 3 scrolls of identify {@r1}
 o - 3 scrolls of immolation {unknown}
 p - 7 scrolls of teleportation {unknown}
 r - a scroll of random uselessness {unknown}
 w - 3 scrolls of magic mapping {unknown}
 x - 3 scrolls of enchant armour {unknown}
 F - a scroll of fear {unknown}
 M - 2 scrolls of blinking {unknown}
Potions
 a - 5 potions of curing {unknown}
 b - 6 potions of heal wounds {unknown}
 j - 2 potions of brilliance {unknown}
 l - 2 potions of flight {unknown}
 q - 4 potions of might
 v - 3 potions of degeneration {unknown}
 z - 2 potions of magic {unknown}
 A - a potion of resistance {unknown}
 D - a potion of stabbing {unknown}
 H - a potion of berserk rage {unknown}
 I - a potion of lignification {unknown}
 L - a potion of ambrosia {unknown}
 N - 2 potions of haste {unknown}
 O - a potion of mutation {unknown}


   Skills:
 - Level 3.2 Fighting
 - Level 12.0 Maces & Flails
 - Level 3.2 Armour
 + Level 14.1 Shields


You had 10 spell levels left.
You didn't know any spells.
Your spell library contained the following spells:

 Spells                   Type           Power        Failure   Level
 Animate Skeleton         Necr           #.....       99%         1
 Apportation              Tloc           #.....       99%         1
 Corona                   Hex            #......      99%         1
 Summon Small Mammal      Summ           #...         99%         1


Dungeon Overview and Level Annotations

Branches:
Dungeon (11/15)            Temple (1/1) D:4            Lair (0/6) D:8
    Orc (0/2) D:11

Altars:
Ashenzari
Cheibriados
Dithmenos
Elyvilon
Fedhas
Gozag
Hepliaklqana
Kikubaaqudgha
Makhleb
Nemelex Xobeh
Okawaru
Qazlal
Ru
Sif Muna
Trog
Uskayaw
Vehumet
Wu Jian
Xom
Yredelemnul
Zin
The Shining One

Shops:
D:5 ((:**   D:7 [   D:10 (


Innate Abilities, Weirdness & Mutations

You are resistant to torment.
Your stone body is resilient. (AC +8)
You are immune to poison.
You resist negative energy. (rN+)
You are resistant to electric shocks. (rElec)
You can survive without breathing.
You are immune to petrification.
You are immune to rotting.


Message History

You block the howler monkey zombie's attack.
You whack the howler monkey zombie!
You barely miss the howler monkey zombie.
You block the howler monkey zombie's attack.
You whack the howler monkey zombie!
You destroy the howler monkey zombie!
Okawaru accepts your kill. You block the hornet zombie's attack.
You hit the hornet zombie. You whack the hornet zombie!
You block the hornet zombie's attack.
You whack the hornet zombie! You block the hornet zombie's attack.
You whack the hornet zombie!
You destroy the hornet zombie!
Okawaru accepts your kill.
No target in view!
No target in view!
No target in view!
No target in view!
No target in view!
No target in view!
No target in view!
No target in view!
No target in view!
No target in view!
No target in view!
No target in view!
No target in view!
You start resting.
A hornet zombie comes into view.
A cyclops comes into view.
The cyclops throws a large rock.
You reflect the large rock off an invisible shield around you!
The large rock hits the cyclops.
Found a large rock.
The cyclops throws a large rock.
The large rock hits you.
You see here a large rock.
You whack the hornet zombie! You block the hornet zombie's attack.
You closely miss the hornet zombie. You block the hornet zombie's attack.
You whack the hornet zombie!
The cyclops throws a large rock.
The large rock hits you!!
Ouch! That really hurt!
* * * LOW HITPOINT WARNING * * *
The hornet zombie hits you but does no damage.
Okay, then.
You block the hornet zombie's attack.
Things that are here:
a cursed +0 falchion; a +0 robe The cyclops throws a large rock.
The large rock hits you!!
Ouch! That really hurt!
You die...

#.. #...................
#####.)######...................
................)...........#...
..........$...................(.
.##########.....................
..#...............#............
#..............#...#.........#.
................#.##...........
......#.......@....#...........
##.......)Z....<.....#.....
##..............#...........
#..........................#
###...........#..##........##
##.#............#####.......#.
#.....(........## ##........
##.#..(..C....## ##.....##
#............## #.....##


You could see a cyclops and a hornet zombie.

Vanquished Creatures
  2 two-headed ogres
  A necromancer (D:11)
  2 centaur zombies (D:11)
  Maggie (D:6)
  The ghost of qborf2 the Sneak, a novice KoEn (D:4)
  A troll (D:10)
  A hippogriff (D:9)
  A spriggan (D:10)
  4 flying skulls (D:11)
  3 shadows (D:11)
  A wraith (D:11)
  A soldier ant (D:10)
  Duvessa (D:7)
  2 phantoms (D:8)
  2 orc warriors
  2 ice beasts (D:8)
  4 sky beasts
  A hornet zombie (D:11)
  6 ogres
  3 centaurs
  A necrophage (D:11)
  A big kobold (D:10)
  6 bullfrogs
  4 scorpions
  Dowan (D:7)
  4 killer bees (D:7)
  3 howler monkeys
  9 wights
  A quasit (D:9)
  4 bullfrog zombies
  6 centaur skeletons
  3 hounds
  5 jellies
  3 orc priests
  Crazy Yiuf (D:5)
  3 bullfrog skeletons
  10 orc wizards
  9 worker ants
  2 hound zombies
  A hound skeleton (D:7)
  2 howler monkey zombies
  8 gnolls
  A worker ant zombie (D:11)
  8 adders
  3 shadow imps
  4 white imps
  3 ufetubi
  8 oozes
  3 adder skeletons
  A worm (D:4)
  5 dart slugs
  5 leopard geckos
  17 orcs
  A ball python (D:1)
  12 bats
  4 giant cockroaches
  6 hobgoblins
  19 jackals
  6 quokkas
  A ball python zombie (D:5)
  8 frilled lizards
  3 goblins
  15 kobolds
  A leopard gecko skeleton (D:4)
  A leopard gecko zombie (D:5)
  A quokka skeleton (D:9)
  8 rats
271 creatures vanquished.

Vanquished Creatures (others)
  10 fungi (D:3)
  3 plants (D:5)
  5 toadstools (D:3)
18 creatures vanquished.

Grand Total: 289 creatures vanquished

Notes
Turn   | Place    | Note
-------+----------+-------------------------------------------
     0 | D:1      | MrTaco21 the Gargoyle Fighter began the quest for the Orb.
     0 | D:1      | Reached XP level 1. HP: 14/14 MP: 1/1
    51 | D:1      | Reached XP level 2. HP: 19/19 MP: 2/2
   378 | D:1      | Reached XP level 3. HP: 23/23 MP: 3/3
  1344 | D:2      | Found a hide-covered altar of Uskayaw.
  1450 | D:3      | Found a shadowy altar of Dithmenos.
  1541 | D:3      | Found a sacrificial altar of Ru.
  1727 | D:3      | Reached XP level 4. HP: 28/28 MP: 4/4
  1917 | D:3      | Reached skill level 5 in Maces & Flails
  1917 | D:3      | Reached XP level 5. HP: 22/32 MP: 5/5
  2735 | D:4      | Reached XP level 6. HP: 37/37 MP: 6/6
  2768 | D:4      | Found a staircase to the Ecumenical Temple.
  2778 | Temple   | Entered the Ecumenical Temple
  2993 | Temple   | Became a worshipper of Warmaster Okawaru
  3254 | D:4      | Noticed qborf2's ghost (novice KoEn)
  3256 | D:4      | Found a transporter.
  3316 | D:4      | Found a transporter.
  3427 | D:4      | Reached XP level 7. HP: 34/41 MP: 7/7
  3872 | D:4      | Killed qborf2's ghost
  4005 | D:4      | Reached * piety under Okawaru
  4120 | D:5      | Entered Level 5 of the Dungeon
  4131 | D:5      | Reached XP level 8. HP: 46/46 MP: 8/8
  4227 | D:5      | Found Vodadur's Antique Weapon Shoppe.
  4290 | D:5      | Found a burning altar of Makhleb.
  4296 | D:5      | Found Ythasaw's Assorted Antiques.
  4376 | D:5      | Bought a steaming whip for 187 gold pieces
  4376 | D:5      | Identified the +7 whip "Perept" {pain, MR+ Str+7 Dex-5}
                  | (You bought it in a shop on level 5 of the Dungeon)
  4381 | D:5      | Found Ophaeppe's Assorted Antiques.
  4415 | D:5      | Reached skill level 10 in Maces & Flails
  4618 | D:5      | Found a white marble altar of Elyvilon.
  4618 | D:5      | Found a snail-covered altar of Cheibriados.
  4619 | D:5      | Found a burning altar of Makhleb.
  4658 | D:5      | Found a runed translucent door.
  4659 | D:5      | Noticed Crazy Yiuf
  4714 | D:5      | Found Nyfolaof's Book Emporium.
  4753 | D:5      | Found Hotoanil's Antique Weapon Emporium.
  4842 | D:5      | Killed Crazy Yiuf
  4871 | D:5      | Bought a slimy flail for 212 gold pieces
  4871 | D:5      | Identified the cursed +3 flail of the Pariah {vorpal,
                  | Int+4} (You bought it in a shop on level 5 of the Dungeon)
  4957 | D:6      | Found a hazy altar of Hepliaklqana.
  4962 | D:6      | Noticed Maggie
  4971 | D:6      | Killed Maggie
  4971 | D:6      | Reached ** piety under Okawaru
  4971 | D:6      | Reached XP level 9. HP: 43/51 MP: 9/9
  5024 | D:6      | Found a hazy altar of Hepliaklqana.
  5108 | D:6      | Found an ornate altar of the Wu Jian Council.
  5226 | D:6      | Found a bloodstained altar of Trog.
  5522 | D:7      | Noticed Dowan
  5539 | D:7      | Killed Dowan
  5547 | D:7      | Noticed Duvessa
  5561 | D:7      | Killed Duvessa
  5561 | D:7      | Reached skill level 4 in Shields
  5659 | D:7      | Reached *** piety under Okawaru
  5659 | D:7      | Reached skill level 5 in Shields
  6079 | D:7      | Reached skill level 6 in Shields
  6511 | D:7      | Found Viocuf's Armour Shoppe.
  6729 | D:7      | Found an opulent altar of Gozag.
  6730 | D:7      | Found a glowing silver altar of Zin.
  6798 | D:8      | Noticed a two-headed ogre
  6875 | D:8      | Found a staircase to the Lair.
  7056 | D:8      | Killed a two-headed ogre
  7056 | D:8      | Reached **** piety under Okawaru
  7056 | D:8      | Reached skill level 8 in Shields
  7056 | D:8      | Reached XP level 10. HP: 55/56 MP: 10/10
  7096 | D:8      | Reached skill level 9 in Shields
  7550 | D:8      | Found a shattered altar of Ashenzari.
  8217 | D:9      | Reached skill level 10 in Shields
  8723 | D:10     | Entered Level 10 of the Dungeon
  8921 | D:10     | Found Koculea's Weapon Shop.
  8972 | D:10     | Reached skill level 11 in Shields
  9297 | D:10     | Reached ***** piety under Okawaru
  9773 | D:11     | Noticed a two-headed ogre
  9789 | D:11     | Killed a two-headed ogre
  9789 | D:11     | Reached skill level 12 in Shields
  9789 | D:11     | Reached XP level 11. HP: 60/60 MP: 11/11
  9804 | D:11     | Found a staircase to the Orcish Mines.
  9963 | D:11     | Noticed a necromancer
  9969 | D:11     | Reached skill level 13 in Shields
 10023 | D:11     | Killed a necromancer
 10023 | D:11     | Received a gift from Okawaru
 10201 | D:11     | Reached skill level 14 in Shields
 10221 | D:11     | Noticed a cyclops
 10233 | D:11     | Hit by a large rock thrown by a cyclops

Illustrated notes

Levels and vault maps discovered:
D:1:      dpeg_arrival_line_fractal, layout_loops_ring, st_stairs_11
D:2:      layout_loops_ring, nicolae_overflow_hidden_temple
D:3:      cheibrodos_fertilizer, layout_loops_corners,
          nicolae_dithmenos_shadow_blocks, lemuel_round_altar
D:4:      layout_loops_cross, minmay_temple_entry_glassed_door,
          gammafunk_ghost_arena, hangedman_decor_diamond_cutter,
          grunt_ministairs_10
D:5:      layout_loops_cross, gammafunk_temple_overflow_claw, basic_altar,
          serial_shops, nicolae_shop_behind_doors,
          nicolae_shop_overgrown_old_shop, nicolae_shop_overgrown_old_shop,
          shop, shop_coins, uniq_crazy_yiuf_cottage
D:6:      layout_cave_pools, kennysheep_mini_moat, overflow_temple_1_default,
          lemuel_round_altar, basic_altar, uniq_maggie
D:7:      layout_layer_cave, grunt_temple_overflow_gold_and_silver,
          serial_shops, shop, uniq_duvessa
D:8:      layout_basic, lair_entry_dummy, basic_altar
D:9:      layout_gridville, minmay_misc_feat_chi
D:10:     layout_roguey, serial_shops, shop_statue, minmay_misc_feat_plants,
          the_bakery
D:11:     hangedman_screamer, layout_cross, orc_0_dummy
Temple:   minmay_temple_curvy_loop

Skill      XL: |  1  2  3  4  5  6  7  8  9 10 11 |
---------------+----------------------------------+-----
Maces & Flails | 3 4 5 6 7 9 11 12 | 12.0
Shields        | 8 12 14 | 14.1
Fighting       | |  3.2
Armour         | |  3.2

Action                   |  1- 3 |  4- 6 |  7- 9 | 10-12 || total
-------------------------+-------+-------+-------+-------++-------
Melee: Flail             |    69 |       |       |       ||    69
       Whip              |    54 |   196 |   350 |   315 ||   915
Throw: Dart              |       |       |     2 |     4 ||     6
  Use: Scroll            |       |     4 |     3 |       ||     7
Armor: Scale mail        |    47 |    54 |     3 |       ||   104
       Plate armour      |       |       |   110 |    63 ||   173
Dodge: Dodged            |    19 |    43 |    23 |    25 ||   110
Block: Kite shield       |    94 |   120 |   176 |   174 ||   564
       Reflection        |     4 |     3 |     6 |     6 ||    19

Table legend: (Time is in decaauts)
 A = Elapsed time spent in this place.
 B = Non-inter-level travel time spent in this place.
 C = Inter-level travel time spent in this place.
 D = Time resting spent in this place.
 E = Time spent auto-exploring this place.
 F = Levels seen in this place.
 G = Mean time per level.
                   A        B        C        D        E       F      G
               +--------+--------+--------+--------+--------+-----+--------+
         Total |   9972 |   9241 |    731 |   1050 |   6323 |  12 |  831.0 |
       Dungeon |   9745 |   9052 |    693 |   1050 |   6137 |  11 |  885.9 |
        Temple |    226 |    188 |     38 |      0 |    186 |   1 |  226.0 |
               +--------+--------+--------+--------+--------+-----+--------+

Top non-repeatable levels by time:
     D:4: 1411 daAuts
     D:7: 1385 daAuts
     D:3: 1094 daAuts
     D:8: 1028 daAuts
    D:10: 957 daAuts
     D:1: 805 daAuts
     D:5: 794 daAuts
     D:2: 662 daAuts
     D:6: 590 daAuts
     D:9: 567 daAuts
    D:11: 449 daAuts
  Temple: 226 daAuts
